 Dungeon Sprint DCSS version 0.20-a0-1062-g7b787ac (webtiles) character file.

36438 Kidiri the Eclecticist (level 12, 0/76 HPs)
             Began as a Deep Elf Fire Elementalist on Apr 27, 2017.
             Was the Champion of Vehumet.
             Slain by a dire elephant (16 damage)
             ... in the Dungeon (Sprint III: "The Ten Rune Challenge").
             The game lasted 00:22:13 (5229 turns).

Kidiri the Eclecticist (Deep Elf Fire Elementalist) Turns: 5229, Time: 00:22:14

Health: 0/76       AC:  6    Str:  7    XL:     12   Next: 71%
Magic:  11/36      EV: 22    Int: 26    God:    Vehumet [******]
Gold:   3739       SH:  0    Dex: 17    Spells: 6/48 levels left

rFire    + . .     SeeInvis .   i - +0 dagger (speed)
rCold    . . .     Gourm    .   (no shield)
rNeg     . . .     Faith    .   f - +2 robe {rF+}
rPois    .         Spirit   .   (no helmet)
rElec    .         Reflect  .   s - +0 cloak
rCorr    .         Harm     .   (no gloves)
MR       +....     NoTele   +   (no boots)
Stlth    ++........             (no amulet)
Regen    0.3/turn               (no ring)
MPRegen  0.3/turn               (no ring)

@: no status effects
A: hooves 1, agile 1, strong 1, wild magic 1
}: 1/10 runes: serpentine
a: Renounce Religion


You were in the Dungeon.
You worshipped Vehumet.
Vehumet was exalted by your worship.
You were full.

You visited 1 branch You collected 3739 gold pieces.

Inventory:

Hand Weapons
 i - a +0 dagger of speed (weapon)
Armour
 f - a +2 robe of fire resistance (worn)
 s - a +0 cloak (worn)
Scrolls
 l - a scroll of holy word {unknown}
 m - 4 scrolls of remove curse
 p - a scroll of immolation {unknown}
 q - a scroll of identify {unknown}
Potions
 e - a potion of brilliance {unknown}
 g - 2 potions of magic
 h - 2 potions of berserk rage
 o - a potion of flight {unknown}
 r - a potion of cancellation {unknown}
Comestibles
 b - 15 royal jellies
 c - a bread ration
 d - 15 chunks of flesh
 n - 2 meat rations


   Skills:
 + Level 9.2 Fighting
 + Level 11.0 Short Blades
 + Level 9.2 Armour
 + Level 13.2 Dodging
 - Level 2.4 Stealth
 * Level 18.8 Spellcasting
 + Level 12.0 Conjurations
 + Level 12.3 Fire Magic
 + Level 10.0 Ice Magic
 + Level 9.5 Air Magic
 + Level 7.4 Poison Magic


You had 6 spell levels left.
You knew the following spells:

 Your Spells              Type           Power        Failure   Level  Hunger
a - Flame Tongue          Conj/Fire      #####        1%          1    None
b - Throw Flame           Conj/Fire      ######       1%          2    None
c - Conjure Flame         Conj/Fire      #######.     1%          3    None
d - Inner Flame           Hex/Fire       ######..     1%          3    None
e - Sticky Flame          Conj/Fire      #######.     1%          4    None
f - Fireball              Conj/Fire      #######...   1%          5    None
g - Ignite Poison         Fire/Tmut/Pois ######..     1%          3    None
h - Ignition              Fire           #######...   24%         8    ######.
i - Throw Frost           Conj/Ice       ######       1%          2    None
j - Shock                 Conj/Air       ####         1%          1    None
k - Airstrike             Air            #######...   1%          4    None
l - Poison Arrow          Conj/Pois      #######...   2%          6    ###....


Dungeon Overview and Level Annotations

Branches:
Dungeon (1/1)

Altars:
Cheibriados
Dithmenos
Elyvilon
Fedhas
Gozag
Hepliaklqana
Kikubaaqudgha
Makhleb
Nemelex Xobeh
Okawaru
Qazlal
Ru
Sif Muna
Trog
Uskayaw
Vehumet
Wu Jian
Xom
Yredelemnul
Zin
The Shining One
Beogh
Jiyva
Lugonu

Shops:
D %:((

Annotations:
D exclusion: 2 doors, Gastronok


Innate Abilities, Weirdness & Mutations

You have large cloven feet.
You are agile. (Dex +2)
Your muscles are strong. (Str +2)
Your spells are a little harder to cast, but a little more powerful.


Message History

The dire elephant is heavily wounded.
The fireball engulfs the dire elephant.
The dire elephant is almost dead.
The fireball engulfs the dire elephant.
The dire elephant is severely wounded.
The dire elephant tramples you!!
* * * LOW HITPOINT WARNING * * *
You stumble backwards!
Unknown command.
Casting: Ignition
Confirm with . or Enter, or press ? or * to list all spells.
Aiming: Sticky Flame
Press: ? - help, Shift-Dir - straight line, f - dire elephant
Aim: a dire elephant (almost dead)
The sticky flame hits the dire elephant.
The dire elephant appears unharmed.
The dire elephant is almost dead.
The dire elephant is covered in liquid flames!
The dire elephant burns!
The dire elephant tramples you!
You die...

#..# #..#####....#___#_
▓▓▓▓▓▓▓▓▓▓▓▓▓▓▓▓▓▓▓▓▓▓▓
▓.Y.+≈≈≈.§§≈≈≈.♣.....♣♣
▓..P#≈≈§§§§≈.≈.♣.≈≈≈≈'♣
▓.PP#≈≈§≈§§§≈≈≈'.....#.
▓...#≈≈§§§≈≈≈≈.♣♣♣♣♣♣#.
..w#≈.≈≈§§≈.≈♣.♣ ##
▓##'####§#######♣ ♣♣♣
▓...YY@.........♣♣ ♣..
▓#+#############+♣ ♣♣.
.JJ#≈P..........♣ ♣.
▓..J+≈≈...########♣♣ ♣♣
▓J..#≈≈≈.........PP♣ ♣♣
▓...#≈≈≈≈.........P♣ ♣.
#+#############+#######
#........ #........


You could see 2 dire elephants.

Vanquished Creatures
  Rupert (D)
  A nagaraja (D)
  A naga warrior (D)
  Erolcha (D)
  3 anacondas (D)
  4 death yaks (D)
  Urug (D)
  A lindwurm (D)
  A deep elf mage (D)
  An elephant (D)
  2 orc sorcerers (D)
  A guardian serpent (D)
  9 black mambas (D)
  2 spiny frogs (D)
  A komodo dragon (D)
  A rime drake (D)
  A queen bee (D)
  3 wandering mushrooms (D)
  2 tyrant leeches (D)
  8 blink frogs (D)
  5 redbacks (D)
  A shadow (D)
  A spatial vortex (D)
  2 nagas (D)
  A water moccasin (D)
  2 orc warriors (D)
  A swamp drake (D)
  A necrophage (D)
  5 two-headed ogres (D)
  A water elemental (D)
  32 killer bees (D)
  A jelly (D)
  4 orc wizards (D)
  Crazy Yiuf (D)
  A wizard (D)
  Jessica (D)
  A necromancer (D)
  3 humans (D)
  A kobold demonologist (D)
  5 adders (D)
  10 orcs (D)
  3 rats (D)
  A plant (D)
129 creatures vanquished.

Vanquished Creatures (others)
  2 draconian scorchers (D)
  6 hellions (D)
  3 yaktaurs (D)
  5 plants (D)
16 creatures vanquished.

Grand Total: 145 creatures vanquished

Notes
Turn   | Place    | Note
-------+----------+-------------------------------------------
     0 | D        | Kidiri the Deep Elf Fire Elementalist began the quest for the Orb.
     0 | D        | Reached XP level 1. HP: 10/10 MP: 6/6
    29 | D        | Noticed Jessica
    35 | D        | Killed Jessica
    35 | D        | Reached skill level 1 in Fighting
    35 | D        | Reached skill level 1 in Short Blades
    35 | D        | Reached skill level 1 in Armour
    35 | D        | Reached skill level 5 in Spellcasting
    35 | D        | Reached XP level 2. HP: 16/16 MP: 3/10
    96 | D        | Killed a hellion
   102 | D        | Killed a hellion
   103 | D        | Learned a level 2 spell: Throw Flame
   103 | D        | Killed a hellion
   141 | D        | Reached XP level 3. HP: 6/20 MP: 0/12
   146 | D        | Learned a level 3 spell: Conjure Flame
   147 | D        | Killed a hellion
   150 | D        | Learned a level 3 spell: Inner Flame
   233 | D        | Killed a hellion
   250 | D        | Killed a white draconian scorcher
   254 | D        | Killed a white draconian scorcher
   270 | D        | Killed a hellion
   301 | D        | Killed a yaktaur
   371 | D        | Noticed Crazy Yiuf
   376 | D        | Killed Crazy Yiuf
   376 | D        | Reached skill level 6 in Spellcasting
   376 | D        | Reached XP level 4. HP: 21/26 MP: 8/14
   383 | D        | Learned a level 4 spell: Sticky Flame
   429 | D        | Gained mutation: Armour fits poorly on your strangely shaped body. [potion of mutation]
   429 | D        | Gained mutation: You have sharp toenails. [potion of mutation]
   429 | D        | Gained mutation: You are partially covered in thin metallic scales. (AC +2) [potion of mutation]
   430 | D        | Lost mutation: Armour fits poorly on your strangely shaped body. [potion of mutation]
   430 | D        | Lost mutation: You are partially covered in thin metallic scales. (AC +2) [potion of mutation]
   430 | D        | Lost mutation: You have sharp toenails. [potion of mutation]
   430 | D        | Gained mutation: You have large cloven feet. [potion of mutation]
   430 | D        | Gained mutation: You are agile. (Dex +2) [potion of mutation]
   430 | D        | Gained mutation: Your spells are a little harder to cast, but a little more powerful. [potion of mutation]
   430 | D        | Gained mutation: Your muscles are strong. (Str +2) [potion of mutation]
   440 | D        | Noticed a water elemental
   442 | D        | Killed a water elemental
   442 | D        | Reached skill level 7 in Spellcasting
   488 | D        | Found a radiant altar of Vehumet.
   489 | D        | Found a deep blue altar of Sif Muna.
   489 | D        | Found an ancient bone altar of Kikubaaqudgha.
   489 | D        | Noticed a wizard
   492 | D        | Reached skill level 5 in Fire Magic
   492 | D        | Reached XP level 5. HP: 25/31 MP: 6/17
   492 | D        | Reached skill level 5 in Dodging
   505 | D        | Learned a level 5 spell: Fireball
   511 | D        | Became a worshipper of Vehumet
   564 | D        | Found a glowing silver altar of Zin.
   565 | D        | Found a glowing golden altar of the Shining One.
   565 | D        | Found a white marble altar of Elyvilon.
   565 | D        | Noticed a deep elf mage
   574 | D        | Killed a deep elf mage
   574 | D        | Reached skill level 5 in Short Blades
   574 | D        | Reached skill level 10 in Spellcasting
   574 | D        | Reached XP level 6. HP: 38/38 MP: 14/21
   574 | D        | Reached XP level 7. HP: 43/43 MP: 15/23
   619 | D        | Found a hide-covered altar of Uskayaw.
   619 | D        | Found a roughly hewn altar of Beogh.
   619 | D        | Found an iron altar of Okawaru.
   619 | D        | Found a bloodstained altar of Trog.
   619 | D        | Found an ornate altar of the Wu Jian Council.
   619 | D        | Noticed a human
   621 | D        | Noticed a human
   626 | D        | Killed a human
   626 | D        | Reached skill level 11 in Spellcasting
   629 | D        | Killed a human
   629 | D        | Reached * piety under Vehumet
   629 | D        | Offered knowledge of Shock by Vehumet.
   632 | D        | Learned a level 1 spell: Shock
   753 | D        | Found a basalt altar of Yredelemnul.
   753 | D        | Found a shadowy altar of Dithmenos.
   753 | D        | Found a sacrificial altar of Ru.
   758 | D        | Reached skill level 5 in Armour
   804 | D        | Reached ** piety under Vehumet
   804 | D        | Offered knowledge of Throw Frost by Vehumet.
   804 | D        | Reached skill level 1 in Air Magic
   804 | D        | Reached XP level 8. HP: 48/48 MP: 21/25
   808 | D        | Learned a level 2 spell: Throw Frost
   832 | D        | Reached skill level 5 in Fighting
   832 | D        | Reached skill level 12 in Spellcasting
   832 | D        | Reached skill level 1 in Ice Magic
   880 | D        | Found a blossoming altar of Fedhas.
   880 | D        | Found a stormy altar of Qazlal.
   881 | D        | Found a snail-covered altar of Cheibriados.
   881 | D        | Found a burning altar of Makhleb.
   881 | D        | Found a hazy altar of Hepliaklqana.
   881 | D        | Found a shimmering altar of Xom.
   881 | D        | Found an opulent altar of Gozag.
   881 | D        | Found a sparkling altar of Nemelex Xobeh.
   881 | D        | Found a corrupted altar of Lugonu.
   881 | D        | Found a viscous altar of Jiyva.
   985 | D        | Killed a yaktaur
   992 | D        | Offered knowledge of Ignite Poison by Vehumet.
   992 | D        | Reached *** piety under Vehumet
  1050 | D        | Noticed a two-headed ogre
  1065 | D        | Killed a two-headed ogre
  1159 | D        | Learned a level 3 spell: Ignite Poison
  1159 | D        | Noticed a two-headed ogre
  1159 | D        | Noticed Erolcha
  1165 | D        | Killed a two-headed ogre
  1165 | D        | Offered knowledge of Dazzling Spray by Vehumet.
  1165 | D        | Reached skill level 13 in Spellcasting
  1165 | D        | Reached XP level 9. HP: 34/55 MP: 14/28
  1165 | D        | HP: 1/55 [Erolcha/giant spiked club (33)]
  1166 | D        | Killed Erolcha
  1300 | D        | Reached **** piety under Vehumet
  1415 | D        | Offered knowledge of Airstrike by Vehumet.
  1422 | D        | Reached ***** piety under Vehumet
  1429 | D        | Learned a level 4 spell: Airstrike
  1451 | D        | Offered knowledge of Spellforged Servitor by Vehumet.
  1451 | D        | Reached skill level 14 in Spellcasting
  1728 | D        | Offered knowledge of Bolt of Cold by Vehumet.
  1728 | D        | Reached skill level 5 in Ice Magic
  1732 | D        | Reached skill level 5 in Air Magic
  1746 | D        | Noticed a queen bee
  1910 | D        | Reached skill level 10 in Dodging
  1910 | D        | Reached XP level 10. HP: 50/61 MP: 17/30
  1918 | D        | Reached ****** piety under Vehumet
  1918 | D        | Offered knowledge of Freezing Cloud by Vehumet.
  2350 | D        | Noticed a spiny frog
  2350 | D        | Noticed a spiny frog
  2356 | D        | Killed a spiny frog
  2356 | D        | Reached skill level 15 in Spellcasting
  2359 | D        | Killed a spiny frog
  2370 | D        | Offered knowledge of Poison Arrow by Vehumet.
  2370 | D        | Reached skill level 10 in Fire Magic
  2378 | D        | Learned a level 6 spell: Poison Arrow
  2678 | D        | Reached skill level 1 in Poison Magic
  2775 | D        | Noticed a lindwurm
  2777 | D        | Killed a lindwurm
  2778 | D        | Reached skill level 10 in Conjurations
  2924 | D        | Noticed Urug
  2927 | D        | Killed Urug
  2927 | D        | Reached XP level 11. HP: 67/67 MP: 13/32
  3014 | D        | Reached skill level 16 in Spellcasting
  3060 | D        | Offered knowledge of Ozocubu's Refrigeration by Vehumet.
  3336 | D        | Noticed Rupert
  3365 | D        | Killed Rupert
  3471 | D        | Noticed a death yak
  3472 | D        | Noticed a death yak
  3476 | D        | Noticed a death yak
  3484 | D        | Killed a death yak
  3485 | D        | Noticed a death yak
  3485 | D        | Killed a death yak
  3485 | D        | Reached skill level 17 in Spellcasting
  3486 | D        | Reached skill level 5 in Poison Magic
  3493 | D        | Killed a death yak
  3493 | D        | Offered knowledge of Orb of Destruction by Vehumet.
  3493 | D        | Reached skill level 10 in Short Blades
  3496 | D        | Killed a death yak
  3618 | D        | Noticed an azure jelly
  3618 | D        | Noticed an azure jelly
  3654 | D        | Noticed an anaconda
  3655 | D        | Reached XP level 12. HP: 75/75 MP: 31/35
  3670 | D        | Killed an anaconda
  3676 | D        | Offered knowledge of Conjure Ball Lightning by Vehumet.
  3830 | D        | Noticed an anaconda
  3830 | D        | Noticed an anaconda
  4105 | D        | Killed an anaconda
  4105 | D        | Reached skill level 18 in Spellcasting
  4161 | D        | Offered knowledge of Fire Storm by Vehumet.
  4161 | D        | Offered knowledge of Glaciate by Vehumet.
  4161 | D        | Offered knowledge of Ignition by Vehumet.
  4171 | D        | Learned a level 8 spell: Ignition
  4573 | D        | Killed an anaconda
  4719 | D        | Noticed a naga warrior
  4719 | D        | Noticed a nagaraja
  4724 | D        | Killed a nagaraja
  4725 | D        | Killed a naga warrior
  4727 | D        | Found Niaruc's Food Boutique.
  4727 | D        | Found Pustiyc's Book Emporium.
  4829 | D        | Found Zeggoq's Antique Weapon Shop.
  4850 | D        | Got a serpentine rune of Zot
  5015 | D        | Found Uruheh's Antique Weapon Shoppe.
  5016 | D        | Found a roughly hewn altar of Beogh.
  5025 | D        | Reached skill level 10 in Ice Magic
  5224 | D        | Noticed an azure jelly
  5224 | D        | Noticed an azure jelly
  5225 | D        | Noticed a dire elephant
  5225 | D        | Noticed a dire elephant
  5225 | D        | Noticed Gastronok
  5229 | D        | Slain by a dire elephant

Vault maps used:
D:        dungeon_sprint_mu

Skill      XL: |  1  2  3  4  5  6  7  8  9 10 11 12 |
---------------+-------------------------------------+-----
Fighting       | 1 2 4 5 6 7 8 9 |  9.2
Short Blades   | 1 2 3 5 6 7 9 10 11 | 11.0
Armour         | 1 2 4 5 6 7 8 9 |  9.2
Dodging        | 3 4 7 8 10 11 12 13 | 13.2
Spellcasting   | 5 6 7 10 11 13 14 15 17 18 | 18.8
Conjurations   | 2 3 6 7 8 10 11 12 | 12.0
Fire Magic     | 4 5 6 7 8 9 10 11 12 | 12.3
Air Magic      | 1 3 5 6 8 9 |  9.5
Ice Magic      | 3 5 7 8 10 | 10.0
Poison Magic   | 2 5 7 |  7.4
Stealth        | |  2.4

Action                   |  1- 3 |  4- 6 |  7- 9 | 10-12 || total
-------------------------+-------+-------+-------+-------++-------
Melee: Dagger            |       |     1 |     3 |     4 ||     8
       Kick              |       |       |       |     2 ||     2
 Cast: Flame Tongue      |    18 |     4 |    72 |    54 ||   148
       Throw Flame       |     2 |       |     2 |     3 ||     7
       Sticky Flame      |       |     3 |    19 |    27 ||    49
       Conjure Flame     |       |     1 |    16 |     6 ||    23
       Inner Flame       |       |       |     6 |     3 ||     9
       Fireball          |       |       |     1 |    13 ||    14
       Shock             |       |       |     1 |       ||     1
       Poison Arrow      |       |       |       |    35 ||    35
       Ignition          |       |       |       |     4 ||     4
       Airstrike         |       |       |       |     2 ||     2
       Ignite Poison     |       |       |       |     1 ||     1
  Use: Potion            |       |     2 |     2 |     3 ||     7
       Scroll            |       |       |       |     2 ||     2
 Stab: Sleeping          |       |       |       |     1 ||     1
  Eat: Chunk             |       |       |     2 |       ||     2
       Royal jelly       |       |       |     1 |    10 ||    11
Dodge: Dodged            |     3 |     4 |    54 |    69 ||   130
